 Dungeon Crawl Stone Soup version 0.25-a0-734-g73332ae (webtiles) character file.

Game seed: 7343056681227931348, levelgen mode: deterministic

88 Faca the Skirmisher (level 4, -4/37 HPs)
             Began as a Human Fighter on Apr 9, 2020.
             Slain by Sigmund
             ... wielding a +0 scythe
              (6 damage)
             ... on level 2 of the Dungeon.
             The game lasted 00:03:35 (1338 turns).

Faca the Skirmisher (Human Fighter)                 Turns: 1338, Time: 00:03:36

Health: -4/37      AC:  7    Str: 17    XL:     4   Next: 82%
Magic:  4/4        EV:  7    Int:  8    God:
Gold:   138        SH:  9    Dex: 13    Spells: 3/3 levels left

rFire    . . .     SeeInvis .   a - +0 flail
rCold    . . .     Gourm    .   c - +0 kite shield
rNeg     . . .     Faith    .   b - +0 scale mail
rPois    .         Spirit   .   (no helmet)
rElec    .         Reflect  .   o - +0 cloak
rCorr    .         Harm     .   (no gloves)
MR       .....                  (no boots)
Stlth    ..........             (no amulet)
HPRegen  0.12/turn              (no ring)
MPRegen  0.09/turn              (no ring)

@: mighty
A: no striking features
a: no special abilities


You were on level 2 of the Dungeon.
You were hungry.

You visited 1 branch of the dungeon, and saw 2 of its levels.

You collected 138 gold pieces.

Inventory:

Hand Weapons
 a - a +0 flail (weapon)
Armour
 b - a +0 scale mail (worn)
 c - a +0 kite shield (worn)
 o - a +0 cloak (worn)
Scrolls
 e - 4 scrolls of remove curse {unknown}
 h - a scroll of teleportation {unknown}
Potions
 g - a potion of cancellation
 i - 2 potions of brilliance {unknown}
 k - a potion of flight {unknown}
 l - a potion of curing {unknown}
 m - a potion of haste
 n - a potion of lignification {unknown}
Comestibles
 f - 5 rations
 p - 3 chunks of flesh


   Skills:
 + Level 4.2 Fighting
 + Level 3.5 Maces & Flails
 - Level 3.0 Armour
 - Level 3.0 Shields


You had 3 spell levels left.
You didn't know any spells.
Your spell library was empty.

Dungeon Overview and Level Annotations

Branches:
Dungeon (2/15)

Altars:
Elyvilon
Hepliaklqana
Uskayaw

Annotations:
D:2 Sigmund


Message History

You closely miss something. Something hits you.
* * * LOW HITPOINT WARNING * * *
You miss something. Something hits you.
* * * LOW HITPOINT WARNING * * *
You feel much better.
You barely miss something. Something hits you.
You closely miss something. Something hits you!
You hit something. Something hits you but does no damage.
You closely miss something.
You hear some strange, mumbled words.
A magic dart appears from out of thin air!
The magic dart hits you!
* * * LOW HITPOINT WARNING * * *
You miss something. Something hits you.
* * * LOW HITPOINT WARNING * * *
You closely miss something. Something hits you.
* * * LOW HITPOINT WARNING * * *
You barely miss something. Something hits you but does no damage.
You closely miss something. Something hits you.
You die...

###..>........#.#................
.<#.#.####.#<.#.#.......#######.
#.#.#....................#
###.#.......##.#.........'..
............'............#...
............#............#...
............#............# ##
.....#......#............########
................@{.......#.......
######...................#..#...#
#...................#_......
#...................#..#...#
######.†......##.#.......#.......
.........................########
..........≈≈≈....................
.........≈≈≈≈≈...................
.........≈≈♣≈≈..............###.#


There were no monsters in sight!

Vanquished Creatures
  Jessica (D:1)
  2 adders (D:2)
  2 dart slugs (D:1)
  A leopard gecko (D:2)
  A ball python (D:1)
  A giant cockroach (D:2)
  4 hobgoblins
  6 jackals
  4 kobolds
  A quokka (D:2)
  7 bats
  2 frilled lizards (D:1)
  5 goblins
37 creatures vanquished.

Notes
Turn   | Place    | Note
-------+----------+-------------------------------------------
     0 | D:1      | Faca the Human Fighter began the quest for the Orb.
     0 | D:1      | Reached XP level 1. HP: 18/18 MP: 1/1
    97 | D:1      | Reached XP level 2. HP: 24/24 MP: 2/2
   249 | D:1      | Reached XP level 3. HP: 25/29 MP: 3/3
   728 | D:2      | Found a white marble altar of Elyvilon.
   859 | D:2      | Found a hide-covered altar of Uskayaw.
   943 | D:2      | Reached XP level 4. HP: 37/37 MP: 4/4
  1076 | D:2      | Reached skill level 4 in Fighting
  1081 | D:2      | Found a hazy altar of Hepliaklqana.
  1084 | D:2      | Noticed Sigmund
  1085 | D:2      | Noticed Jessica
  1151 | D:1      | Killed Jessica
  1338 | D:2      | Slain by Sigmund

Levels and vault maps discovered:
D:1:      nicolae_arrival_memento_mori, layout_rooms
D:2:      layout_basic, lemuel_coloured_pillars_altar, elyvilon_altar_3,
          lemuel_crystal_altar, serial_glass, glass_columns_b, glass_columns_c,
          first_ration, uniq_sigmund, uniq_crazy_yiuf_cottage, uniq_jessica

Skill      XL: |  1  2  3  4 |
---------------+-------------+-----
Maces & Flails | 3 |  3.5
Fighting       | 4 |  4.2
Armour         | |  3.0
Shields        | |  3.0

Action                   |  1- 3 |  4- 6 || total
-------------------------+-------+-------++-------
Melee: Flail             |    89 |    54 ||   143
  Use: Scroll            |     3 |       ||     3
       Potion            |       |     5 ||     5
  Eat: Chunk             |       |     1 ||     1
Armor: Scale mail        |    47 |    44 ||    91
Dodge: Dodged            |    28 |    30 ||    58
Block: Kite shield       |    46 |    56 ||   102

Table legend:
 A = Non-vault XP
 B = Vault XP
 C = Vault XP percentage of total XP
 D = Non-vault monster count
 E = Vault monster count
 F = Vault count percentage of total count
                 A         B        C        D         E       F
            +---------+---------+-------+---------+---------+-------
      Total |      90 |      37 |  29.1 |      36 |       1 |   2.7
            +---------+---------+-------+---------+---------+-------
        D:1 |      41 |      37 |  47.4 |      21 |       1 |   4.5
        D:2 |      49 |       0 |   0.0 |      15 |       0 |   0.0
            +---------+---------+-------+---------+---------+-------
